 Seeded DCSS version 0.30-a0-918-g0ff054e9dc (webtiles) character file.

Game seed: 13555036537017109050 (custom seed)

21427 GigaChad the Cleaver (level 13, -1/103 HPs)
             Began as a Formicid Fighter on Mar 20, 2023.
             Slain by an Executioner (5 damage)
             ... on level 1 of the Abyss.
             The game lasted 00:17:02 (12463 turns).

GigaChad the Cleaver (Formicid Fighter)            Turns: 12463, Time: 00:17:02

Health: -1/103     AC: 16    Str: 26    XL:     13   Next: 19%
Magic:  24/24      EV: 15    Int: 12    God:
Gold:   865        SH:  7    Dex: 19    Spells: 26/26 levels left

rFire   . . .      SeeInvis +    r - +4 battleaxe (elec)
rCold   . . .      Faith    .    c - +0 buckler
rNeg    . . .      Spirit   .    A - quicksilver dragon scales of Josamox {*Slow Will+ Int+4 Slay+6}
rPois   .          Reflect  .    (helmet unavailable)
rElec   .          Rampage  .    (no cloak)
rCorr   .                        (no gloves)
Will    ++...                    (no boots)
Stlth   +                        h - amulet of the acrobat
HPRegen 0.37/turn                v - +4 ring of protection
MPRegen 0.19/turn                w - +6 ring of dexterity

@: no status effects
A: permanent stasis, dig shafts and tunnels, antennae 3, four strong arms
a: Dig, Shaft Self


You were on level 1 of the Abyss.
You visited 2 branches of the dungeon, and saw 13 of its levels.
You visited the Abyss 1 time.

You collected 2005 gold pieces.
You spent 1140 gold pieces at shops.

Inventory:

Hand Weapons
 a - a +0 war axe
 r - a +4 battleaxe of electrocution (weapon)
 x - a +1 spear of flaming
 N - a +1 halberd of distortion
 U - a +1 falchion of pain
Missiles
 l - 4 throwing nets
Armour
 b - a +0 scale mail
 c - a +0 buckler (worn)
 s - a +0 chain mail
 A - the quicksilver dragon scales of Josamox (worn) {*Slow Will+ Int+4 Slay+6}
   (You bought it in a shop on level 4 of the Dungeon)

   Int:       It affects your intelligence (+4).
   Slay:      It affects your accuracy & damage with ranged weapons and melee
   (+6).
   *Slow:     It may slow you when you take damage.
   Will:      It increases your willpower.
 O - +0 swamp dragon scales
 V - a +1 hat of willpower
Jewellery
 h - an amulet of the acrobat (around neck)
 t - a ring of magical power
 v - a +4 ring of protection (left hand)
 w - a +6 ring of dexterity (right hand)
 G - a ring of ice
 Q - an amulet of regeneration
 R - the ring of Jasa {Fly rN+++ Str-5 Dex+3}
   (You found it on level 10 of the Dungeon)

   [ring of flight]

   Str:       It affects your strength (-5).
   Dex:       It affects your dexterity (+3).
   rN:        It renders you almost immune to negative energy.
   Fly:       It grants you flight.
 S - a ring of fire
Wands
 y - a wand of mindburst (9)
 z - a wand of polymorph (10)
 I - a wand of roots (36)
 M - a wand of acid (9)
 W - a wand of paralysis (6)
Scrolls
 i - 4 scrolls of teleportation
 n - 4 scrolls of immolation
 q - 3 scrolls of blinking
 u - 4 scrolls of vulnerability
 B - a scroll of fog
 D - 3 scrolls of identify
 E - 3 scrolls of noise
 F - a scroll of brand weapon {unknown}
 H - 2 scrolls of magic mapping
 J - a scroll of amnesia
 K - a scroll of summoning
 L - 3 scrolls of fear
 T - 3 scrolls of poison
Potions
 d - 2 potions of might
 e - 4 potions of degeneration
 f - 9 potions of curing
 g - a potion of lignification {unknown}
 j - 3 potions of haste {unknown}
 k - 6 potions of heal wounds
 m - 3 potions of flight {unknown}
 o - 3 potions of attraction {unknown}
 p - a potion of mutation {unknown}
 C - a potion of magic {unknown}
 P - 3 potions of cancellation {unknown}


   Skills:
 * Level 10.1 Fighting
 + Level 12.2 Axes
 * Level 9.4 Armour
 * Level 6.6 Dodging
 - Level 0.1 Stealth
 * Level 10.8 Shields
 * Level 7.4 Spellcasting


You had 26 spell levels left.
You didn't know any spells.
Your spell library contained the following spells:

 Spells                   Type           Power      Damage    Failure   Level
 Magic Dart               Conj           16%        1d3       26%         1
 Summon Small Mammal      Summ           16%        N/A       26%         1
 Searing Ray              Conj           8%         2d4       36%         2
 Call Canine Familiar     Summ           4%         N/A       58%         3
 Kindle Blastsparks       Fire/Tloc/Air  8%         2d10      58%         3
 Summon Guardian Golem    Hex/Summ       4%         N/A       58%         3
 Fulminant Prism          Conj/Hex       2%         3d5       94%         4
 Iskenderun's Mystic Bla  Conj/Tloc      4%         2d3       94%         4
 Lee's Rapid Deconstruct  Erth           2%         3d4*      100%        5


Dungeon Overview and Level Annotations

Branches:
Dungeon (10/15)            Temple (0/1) D:4            Lair (3/5) D:9
  Snake (0/4) Lair:3
  Swamp: Lair:2-3    Shoals: Lair:2-3       Orc: D:9-12

Altars:
Gozag
Yredelemnul
The Shining One

Shops:
D:4 [

Portals:
Abyss: D:7

Annotations:
D:7 2 transporters, Parcival's ghost, novice MiFi
Lair:3 Sonja


Innate Abilities, Weirdness & Mutations

You cannot be hasted, slowed, berserked, paralysed or teleported.
You can dig through walls and to a lower floor.
You have a pair of large antennae on your head. (SInv)
Your four strong arms can wield two-handed weapons with a shield.


Message History

You are no longer poisoned.
You start resting.
You sense a monster nearby.
You start resting.
You sense a monster nearby.
You start resting.
A hellwing comes into view.
A hellwing is nearby!
A hellwing is nearby!
A hellwing is nearby!
The hellwing gives a chilling moan.
The hellwing completely misses you. You block the hellwing's attack.
Things that are here:
a +0 long sword; a +0 halberd You hit the hellwing but do no damage.
Lightning courses through the hellwing!
The hellwing is moderately wounded.
The hellwing barely misses you. You block the hellwing's attack.
You slash the hellwing!
The hellwing is heavily wounded.
The hellwing hits you but does no damage.
The hellwing hits you.
* * * LOW HITPOINT WARNING * * *
You slash the hellwing!
The hellwing is severely wounded.
An iron imp comes into view.
The hellwing barely misses you. You block the hellwing's attack.
You closely miss the hellwing.
The hellwing is severely wounded.
The iron imp shouts!
You hear a hideous shriek!
You hear a shout!
An Executioner comes into view.
The hellwing hits you!
* * * LOW HITPOINT WARNING * * *
The hellwing hits you but does no damage.
The Executioner moves out of view.
You block the Executioner's attack.
The Executioner hits you but does no damage.
The Executioner completely misses you.
You barely miss the Executioner. The Executioner completely misses you.
The Executioner barely misses you. The Executioner hits you.
You die...

#.# ## # #.# .#
#.# . # #.# #.
.#.# . #.# # .#.#
#.#.# . ######
#@# . ..
..#1#######.
......{)4.......
#.##..#)....###..
....{#..##.# ..
#..# .# .. #..# #
. {#..# . ..##


You could see an Executioner and a hellwing.

Vanquished Creatures
  Gastronok (Lair:1)
  Erica (D:8)
  A naga warrior (Abyss:1)
  A centaur warrior (D:10)
  A wizard (D:10)
  A large abomination (Abyss:1)
  6 centaur zombies (D:10)
  A guardian serpent (Abyss:1)
  6 cane toads
  Maggie (D:7)
  An orange demon (Abyss:1)
  An unseen horror (D:10)
  3 rime drakes
  2 unseen horror zombies (D:10)
  A komodo dragon (Lair:1)
  An efreet (Abyss:1)
  2 ancient zymes (Abyss:1)
  A troll (D:10)
  A hellwing (Abyss:1)
  3 polar bears (Lair:2)
  7 blink frogs
  A meliai zombie (D:10)
  3 vampires (D:10)
  11 wraiths
  3 shadows (D:10)
  4 wyverns
  4 yaks
  A basilisk (Lair:2)
  6 nagas
  3 water moccasins
  5 black bears
  3 orc warriors
  A sky beast (D:7)
  3 ice beasts
  An ogre (D:5)
  A centaur (D:9)
  2 phantoms
  A small abomination (Abyss:1)
  A kobold brigand (D:9)
  5 bullfrogs
  3 scorpions (D:6)
  3 gnoll sergeants
  3 killer bees (D:9)
  An electric eel (Lair:2)
  4 howler monkeys
  A gnoll bouda (D:5)
  8 orc priests
  2 hounds
  6 iguanas
  Natasha (D:2)
  4 orc wizards
  Robin (D:4)
  23 gnolls
  6 adders
  A white imp (D:8)
  2 ufetubi
  3 worms
  4 dart slugs
  34 orcs
  3 ball pythons
  6 endoplasms
  3 giant cockroaches
  16 goblins
  8 hobgoblins
  7 jackals (D:4)
  3 quokkas (D:2)
  7 bats
  5 frilled lizards
  11 kobolds
  6 rats
  A spectral orc (D:5)
  A butterfly (Lair:2)
289 creatures vanquished.

Vanquished Creatures (others)
  10 fungi
  17 plants
27 creatures vanquished.

Grand Total: 316 creatures vanquished

Notes
Turn   | Place    | Note
-------+----------+-------------------------------------------
     0 | D:1      | GigaChad the Formicid Fighter began the quest for the Orb.
     0 | D:1      | Reached XP level 1. HP: 18/18 MP: 1/1
   281 | D:1      | Reached XP level 2. HP: 24/24 MP: 2/2
   625 | D:1      | Identified a scroll of acquirement
   625 | D:1      | Acquired 641 gold pieces
   665 | D:2      | Reached XP level 3. HP: 29/29 MP: 3/3
   674 | D:2      | Reached XP level 4. HP: 34/37 MP: 4/4
   972 | D:2      | Reached skill level 3 in Axes
  1031 | D:2      | Acquired 577 gold pieces
  1219 | D:2      | Noticed Natasha
  1228 | D:2      | Killed Natasha
  1229 | D:2      | Reached XP level 5. HP: 34/42 MP: 5/5
  1399 | D:2      | Acquired a +2 battleaxe of electrocution
  2898 | D:4      | Noticed a phantom
  2906 | D:4      | Killed a phantom
  2907 | D:4      | Reached skill level 4 in Axes
  2907 | D:4      | Reached skill level 1 in Dodging
  2907 | D:4      | Reached XP level 6. HP: 48/48 MP: 5/7
  3008 | D:4      | Found Haida's Dragon-Slaying Spoils.
  3015 | D:4      | Bought the quicksilver dragon scales of Josamox {*Slow
                  | Will+ Int+4 Slay+6} for 1140 gold pieces
  3238 | D:4      | Noticed Robin
  3246 | D:4      | Killed Robin
  3247 | D:4      | Reached skill level 1 in Spellcasting
  3403 | D:4      | Found a staircase to the Ecumenical Temple.
  3453 | D:5      | Entered Level 5 of the Dungeon
  3470 | D:5      | Reached skill level 5 in Shields
  3470 | D:5      | Reached XP level 7. HP: 52/54 MP: 8/8
  4079 | D:5      | Reached skill level 5 in Axes
  4095 | D:5      | Found a basalt altar of Yredelemnul.
  4378 | D:6      | Reached skill level 5 in Armour
  4378 | D:6      | Reached XP level 8. HP: 46/61 MP: 10/10
  4516 | D:6      | Reached skill level 5 in Fighting
  4552 | D:6      | Reached skill level 6 in Axes
  4997 | D:6      | Reached XP level 9. HP: 68/68 MP: 13/13
  5291 | D:7      | Found a transporter.
  5308 | D:7      | Found a transporter.
  5339 | D:7      | Found a one-way gate to the infinite horrors of the Abyss.
  5339 | D:7      | Noticed Parcival's ghost (novice MiFi)
  5341 | D:7      | Noticed a purple ugly thing
  5517 | D:7      | Noticed Maggie
  5528 | D:7      | Killed Maggie
  5529 | D:7      | Reached skill level 7 in Axes
  5847 | D:7      | Noticed an ancient zyme
  6249 | D:8      | Noticed Erica
  6260 | D:8      | Killed Erica
  6261 | D:8      | Reached skill level 8 in Axes
  6261 | D:8      | Reached XP level 10. HP: 38/77 MP: 14/16
  6528 | D:8      | You fall into a shaft and drop 2 floors!
  6528 | D:10     | Entered Level 10 of the Dungeon
  7005 | D:10     | Reached skill level 9 in Axes
  7400 | D:10     | Reached skill level 5 in Spellcasting
  7404 | D:10     | Reached XP level 11. HP: 67/86 MP: 18/18
  7476 | D:10     | Noticed a centaur warrior
  7476 | D:10     | Noticed a wizard
  7483 | D:10     | Killed a centaur warrior
  7484 | D:10     | Killed a wizard
  7490 | D:10     | Identified the ring of Jasa {Fly rN+++ Str-5 Dex+3}
  7648 | D:10     | Reached skill level 10 in Axes
  7804 | D:10     | Reached skill level 5 in Dodging
  8193 | D:10     | Found a glowing golden altar of the Shining One.
  8840 | D:9      | Reached XP level 12. HP: 72/94 MP: 21/21
  9279 | D:9      | Found a staircase to the Lair.
  9341 | D:9      | Found an opulent altar of Gozag.
  9606 | Lair:1   | Entered Level 1 of the Lair of Beasts
  9651 | Lair:1   | Noticed Gastronok
  9661 | Lair:1   | Killed Gastronok
  9662 | Lair:1   | Reached skill level 11 in Axes
 10259 | Lair:1   | Reached skill level 10 in Shields
 12030 | Lair:3   | Found a staircase to the Snake Pit.
 12122 | Lair:3   | Noticed Sonja
 12125 | Abyss:1  | Cast into level 1 of the Abyss (Sonja)
 12154 | Abyss:1  | Reached XP level 13. HP: 93/103 MP: 23/23
 12225 | Abyss:1  | Reached skill level 10 in Fighting
 12225 | Abyss:1  | Reached skill level 12 in Axes
 12422 | Abyss:1  | HP: 5/103 [poisoned by a naga warrior (splash of poison)]
 12459 | Abyss:1  | Noticed an Executioner
 12459 | Abyss:1  | HP: 3/103 [hellwing (10)]
 12463 | Abyss:1  | Slain by an Executioner

Illustrated notes

Levels and vault maps discovered:
D:1:      dpeg_arrival_water_fire, layout_basic
D:2:      layout_basic, hex_large, reono_crystal_passage, st_stairs_2,
          minmay_tromino_v7, uniq_natasha
D:3:      layout_basic
D:4:      kennysheep_goblin_castle, layout_rooms, lemuel_temple_firewalk_b,
          nicolae_shop_dragon_depot
D:5:      layout_loops_corners, yredelemnul_forgotten_temple_becter
D:6:      dreamdust_elfheim, layout_loops_cross, nicolae_kite_square_tiling_tiny
D:7:      layout_loops_ring, gammafunk_ghost_abyssal_escape,
          corexii_hall_statues_x, uniq_maggie
D:8:      layout_rooms, chequers_temple_overflow_minitemple,
          kennysheep_slug_shrine, serial_shops, nicolae_stop_n_shop_1,
          uniq_amaemon, uniq_erica
D:9:      layout_rooms, kennysheep_mini, grunt_lair_entry_orc_guard_hut,
          grunt_decor_cap
D:10:     layout_gridville, tso_oasis_becter, serial_undead, serial_undead_e,
          serial_undead_d, serial_undead_d, serial_undead_e, serial_undead_a,
          serial_undead_d, minmay_radiant
Lair:1:   layout_cave_pods, uniq_gastronok
Lair:2:   layout_cave_pods, gammafunk_lair_bear_cave, lemuel_fruit_fields,
          serial_bayou_shore_b, grunt_megastairs_5
Lair:3:   layout_long_grid, minmay_shoals_entry_centaurs,
          guppyfry_snake_entry_island, cheibrodos_lair_caveside_slide,
          worms_lemuel, grunt_megastairs_2, uniq_sonja, uniq_kirke, uniq_urug
Abyss:1:  base:
D:3

Skill      XL: |  1  2  3  4  5  6  7  8  9 10 11 12 13 |
---------------+----------------------------------------+-----
Armour         | 4 5 6 7 8 9 |  9.4
Axes           | 3 4 5 6 8 9 10 11 12 | 12.2
Fighting       | 4 5 6 7 8 9 10 | 10.1
Dodging        | 1 2 3 4 5 6 |  6.6
Spellcasting   | 1 2 4 5 6 7 |  7.4
Shields        | 5 6 7 8 9 10 | 10.8
Stealth        | |  0.1

Action                     |  1- 3 |  4- 6 |  7- 9 | 10-12 | 13-15 || total
---------------------------+-------+-------+-------+-------+-------++-------
  Melee: War axe           |    50 |    59 |       |       |       ||   109
         Battleaxe         |       |    99 |   143 |   290 |    28 ||   560
Ability: Dig               |       |     3 |       |       |       ||     3
         Shaft Self        |       |       |       |     1 |       ||     1
    Use: Scroll            |     1 |     6 |     5 |     6 |       ||    18
         Potion            |       |       |     1 |       |       ||     1
 Armour: Scale mail        |    22 |    24 |       |       |       ||    46
         Chain mail        |       |    40 |       |       |       ||    40
         Quicksilver drago |       |    17 |    53 |   196 |    11 ||   277
  Dodge: Dodged            |    23 |    83 |    74 |   319 |    22 ||   521
  Block: Buckler           |    15 |    39 |    42 |   188 |    18 ||   302

Table legend: (Time is in decaauts)
 A = Elapsed time spent in this place.
 B = Non-inter-level travel time spent in this place.
 C = Inter-level travel time spent in this place.
 D = Time resting spent in this place.
 E = Time spent auto-exploring this place.
 F = Levels seen in this place.
 G = Mean time per level.
                   A        B        C        D        E       F      G
               +--------+--------+--------+--------+--------+-----+--------+
         Total |  12688 |  12351 |    337 |   2759 |   7546 |  14 |  906.3 |
       Dungeon |   9808 |   9512 |    296 |   1922 |   5994 |  10 |  980.8 |
          Lair |   2538 |   2497 |     41 |    703 |   1529 |   3 |  846.0 |
         Abyss |    342 |    342 |      0 |    134 |     23 |   1 |  342.0 |
               +--------+--------+--------+--------+--------+-----+--------+

Top non-repeatable levels by time:
    D:10: 2320 daAuts
  Lair:2: 1242 daAuts
  Lair:1: 1177 daAuts
     D:7: 1067 daAuts
     D:4: 1042 daAuts
     D:3: 939 daAuts
     D:5: 935 daAuts
     D:2: 885 daAuts
     D:6: 834 daAuts
     D:9: 795 daAuts
     D:1: 678 daAuts
 Abyss:1: 342 daAuts
     D:8: 308 daAuts
  Lair:3: 118 daAuts
